 Dungeon Crawl Stone Soup version 0.31.0-12-g77e489cdc1 (webtiles) character file.

Game seed: 4627322629652678817

2503 lordive the Grappler (level 9, 0/80 HPs)
             Began as a Troll Shapeshifter on Feb 29, 2024.
             Was a Priest of Okawaru.
             Succumbed to a killer bee's poison
             ... on level 7 of the Dungeon.
             The game lasted 00:07:06 (4739 turns).

lordive the Grappler (Troll Shapeshifter)           Turns: 4739, Time: 00:07:07

Health: 0/80       AC:  8    Str: 23 (24) XL:     9   Next: 28%
Magic:  8/8        EV: 10    Int:  6 (8)  God:    Okawaru [***...]
Gold:   262        SH:  0    Dex:  9 (11) Spells: 8/8 levels left

rFire   . .          .
                       - Unarmed
rCold   . . .        (no shield)
rNeg    . . .        a - +0 animal skin
rPois   .            (helmet currently unavailable)
rElec   .            (cloak currently unavailable)
rCorr   .            (gloves unavailable)
SInv    .            (boots unavailable)
Will    .....        (no amulet)
Stlth   +            k - +4 ring of protection
HPRegen 1.13/turn    (no ring)
MPRegen 0.11/turn

%: no passive effects
@: lethally poisoned (0 -> -1), beast-form, invisible
A: beast (slay +3), large, unfitting armour, claws 3, regeneration 1, shaggy fur
1, tough skin 1
a: Begin Untransformation, Renounce Religion, Heroism


You were on level 7 of the Dungeon.
You worshipped Okawaru.
Okawaru was most pleased with you.
You were a hulking beast.
You visited 2 branches of the dungeon, and saw 8 of its levels.

You collected 262 gold pieces.

Inventory:

Missiles
 r - 2 throwing nets (quivered)
Armour
 a - a +0 animal skin (worn)
Jewellery
 j - a ring of magical power
 k - a +4 ring of protection (left claw)
 p - a ring of resist corrosion
Talismans
 c - a beast talisman
 d - a flux talisman
Scrolls
 g - a scroll of vulnerability {unknown}
 h - a scroll of fear {unknown}
 i - 2 scrolls of enchant armour {unknown}
 l - 5 scrolls of identify {unknown}
 q - 3 scrolls of teleportation {unknown}
 s - a scroll of blinking {unknown}
 t - 2 scrolls of fog {unknown}
 u - 2 scrolls of enchant weapon {unknown}
 v - a scroll of immolation {unknown}
 w - 2 scrolls of torment {unknown}
Potions
 b - a potion of lignification
 e - 7 potions of heal wounds {unknown}
 f - 3 potions of attraction
 m - a potion of invisibility
 n - a potion of degeneration
 o - a potion of brilliance {unknown}
 x - a potion of might {unknown}
 z - 2 potions of enlightenment {unknown}
 A - 2 potions of curing {unknown}


   Skills:
 + Level 2.6 Fighting
 + Level 4.5 Dodging
 + Level 9.4 Unarmed Combat
 * Level 6.7 Shapeshifting


You had 8 spell levels left.
You didn't know any spells.
Your spell library contained the following spells:

 Spells                   Type           Power      Damage    Failure   Level
 Magic Dart               Conj           0%         1d3       45%         1
 Blink                    Tloc           0%         N/A       58%         2
 Lesser Beckoning         Tloc           0%         N/A       58%         2
 Momentum Strike          Conj/Tloc      0%         3d8       58%         2
 Inner Flame              Hex/Fire       0%         N/A       83%         3
 Flame Wave               Conj/Fire      0%         2d4       99%         4
 Sticky Flame             Fire/Alch      0%         2d4       99%         4
 Call Imp                 Summ           Unusable   N/A       N/A         2

Dungeon Overview and Level Annotations

Branches:
Dungeon (7/15)             Temple (1/1) D:4

Altars:
Ashenzari
Cheibriados
Dithmenos
Elyvilon
Gozag
Hepliaklqana
Kikubaaqudgha
Makhleb
Nemelex Xobeh
Okawaru
Qazlal
Ru
Sif Muna
Trog
Uskayaw
Vehumet
Xom
Yredelemnul
Zin
The Shining One


Innate Abilities, Weirdness & Mutations

You are a hulking beast.
Your limbs bulge with bestial killing power. (Slay +3)
You are too large for most types of armour.
You have claws for hands.
Your natural rate of healing is unusually fast.
You are covered in fur. (AC +1)
You have tough skin. (AC +1)


Message History

You feel very sick. The killer bee stings you.
* * * LOW HITPOINT WARNING * * *
The killer bee closely misses you.
You miss the killer bee.
The killer bee is lightly wounded.
You feel sick. The killer bee closely misses you.
You scratch the killer bee.
The killer bee is heavily wounded.
You feel sick.
The killer bee stings you but does no damage.
The killer bee stings you!
* * * LOW HITPOINT WARNING * * *
You closely miss the killer bee.
The killer bee is heavily wounded.
You feel sick. The killer bee misses you.
The killer bee stings you but does no damage.
You barely miss the killer bee.
The killer bee is heavily wounded.
You feel sick. The killer bee closely misses you. x2
You closely miss the killer bee.
The killer bee is heavily wounded.
You feel sick. The killer bee stings you.
* * * LOW HITPOINT WARNING * * *
You are lethally poisoned!
The killer bee poisons you!
You claw the killer bee!
You kill the killer bee!
Okawaru accepts your kill.
* * * LOW HITPOINT WARNING * * *
You feel sick.
Unknown command.
It was a potion of invisibility.
You fade into invisibility!
* * * LOW HITPOINT WARNING * * *
You feel sick.
It was a potion of degeneration.
There was something very wrong with that liquid.
You feel weakened.
You feel dopey.
You feel clumsy.
You die...

#..........#
#...#
#......[...#
#...#
#####'#'####
###.# #.#.#
#.# #.#.#
#..
######.#.#
###
#...[..#.#
#.###..#.#
#h†..#.#
#†##.#.#
........
###.#.####
#.#.# #.# #
#.# #.#


There were no monsters in sight!

Vanquished Creatures
  A steam dragon (D:6)
  An ogre (D:4)
  An orc warrior (D:7)
  2 centaurs
  5 phantoms
  2 bullfrogs
  6 scorpions
  6 killer bees (D:7)
  A vampire bat (D:4)
  A hound (D:5)
  4 orc priests
  A bombardier beetle (D:5)
  A jelly (D:6)
  3 sleepcaps (D:6)
  2 iguanas (D:5)
  5 orc wizards
  A mummy (D:6)
  9 gnolls
  7 adders
  A white imp (D:7)
  8 ufetubi
  3 dart slugs
  3 fire bats (D:4)
  3 ribbon worms
  29 orcs
  2 spectral bats (D:4)
  8 ball pythons
  18 bats
  3 bat skeletons (D:4)
  A bat zombie (D:4)
  2 endoplasms (D:1)
  2 giant cockroaches
  7 goblins
  8 hobgoblins
  6 jackals (D:1)
  2 quokkas
  A bat simulacrum (D:4)
  5 frilled lizards
  4 kobolds
  4 orc zombies (D:6)
  6 rats
185 creatures vanquished.

Notes
Turn   | Place    | Note
-------+----------+-------------------------------------------
     0 | D:1      | lordive the Troll Shapeshifter began the quest for the Orb.
     0 | D:1      | Reached XP level 1. HP: 18/18 MP: 0/0
   143 | D:1      | Reached XP level 2. HP: 26/26 MP: 1/1
   350 | D:1      | Reached XP level 3. HP: 27/32 MP: 2/2
  1236 | D:2      | Found a faded altar of an unknown god.
  1418 | D:3      | Identified the +3 rapier of Nonilai {freeze, Stlth+}
  1440 | D:3      | Reached XP level 4. HP: 40/40 MP: 3/3
  1571 | D:3      | Noticed a phantom
  1578 | D:3      | Killed a phantom
  1579 | D:3      | Reached skill level 4 in Unarmed Combat
  1579 | D:3      | Reached XP level 5. HP: 39/46 MP: 4/4
  1581 | D:3      | Reached skill level 1 in Fighting
  2094 | D:4      | Found a staircase to the Ecumenical Temple.
  2133 | Temple   | Entered the Ecumenical Temple
  2140 | Temple   | Became a worshipper of Warmaster Okawaru
  2187 | D:4      | Noticed an ogre
  2192 | D:4      | Reached skill level 5 in Unarmed Combat
  2192 | D:4      | Reached XP level 6. HP: 47/55 MP: 5/5
  2283 | D:4      | Found a sacrificial altar of Ru.
  2576 | D:4      | Reached skill level 5 in Shapeshifting
  2605 | D:4      | Reached * piety under Okawaru
  2606 | D:4      | Reached XP level 7. HP: 62/62 MP: 6/6
  2678 | D:5      | Entered Level 5 of the Dungeon
  2738 | D:5      | Reached skill level 6 in Unarmed Combat
  2998 | D:5      | Found a stormy altar of Qazlal.
  3276 | D:5      | Reached skill level 7 in Unarmed Combat
  3368 | D:5      | Reached XP level 8. HP: 68/72 MP: 7/7
  3722 | D:6      | Reached ** piety under Okawaru
  4025 | D:6      | Reached skill level 8 in Unarmed Combat
  4116 | D:6      | Found a bloodstained altar of Trog.
  4416 | D:7      | Reached XP level 9. HP: 80/80 MP: 8/8
  4443 | D:7      | Reached skill level 9 in Unarmed Combat
  4629 | D:7      | Reached *** piety under Okawaru
  4736 | D:7      | HP: 3/80 [killer bee (3)]
  4738 | D:7      | HP: 1/80 [poisoned by a killer bee]
  4739 | D:7      | Succumbed to a killer bee's poison

Illustrated notes

Levels and vault maps discovered:
D:1:      dpeg_arrival_refuge, layout_basic, palyth_stone_intersect
D:2:      layout_basic, shapermc_ecumenical_altar_mp_ritualfount,
          minmay_misc_feat_tiny
D:3:      layout_basic
D:4:      layout_basic, nicolae_overflow_hidden_temple,
          nicolae_ru_sacrificial_ziggurat, temple_fountains,
          hangedman_decor_peaks_small, st_stairs_13, goddamned_bats
D:5:      layout_cave_pods, lemuel_coloured_pillars_altar
D:6:      layout_gridville, bloody_trog, minmay_mini_ossuary
D:7:      layout_basic, minivault_27
Temple:   minmay_crystal_spiral_temple

Skill      XL: |  1  2  3  4  5  6  7  8  9 |
---------------+----------------------------+-----
Dodging        | 2 3 4 |  4.5
Unarmed Combat | 4 5 7 8 9 |  9.4
Shapeshifting  | 4 5 6 |  6.7
Fighting       | 1 2 |  2.6

Action                     |  1- 3 |  4- 6 |  7- 9 || total
---------------------------+-------+-------+-------++-------
  Melee: Unarmed           |    92 |   119 |   236 ||   447
         Punch             |       |     2 |     6 ||     8
    Use: Potion            |       |     1 |     2 ||     3
   Stab: Sleeping          |     2 |     1 |       ||     3
 Armour: Animal skin       |    61 |   125 |   220 ||   406
  Dodge: Dodged            |    50 |    97 |   144 ||   291
